 Dungeon Crawl Stone Soup version 0.27-a0-346-ga689d4a613 (webtiles) character file.

Game seed: 14806386129316532349

92 dolemite99 the Chopper (level 4, -5/35 HPs)
             Began as a Demonspawn Fighter on Feb 15, 2021.
             Splashed by a jelly's acid (6 damage)
             ... on level 2 of the Dungeon.
             The game lasted 00:03:15 (2372 turns).

dolemite99 the Chopper (Demonspawn Fighter)         Turns: 2372, Time: 00:03:16

Health: -5/35      AC: -3    Str: 18    XL:     4   Next: 35%
Magic:  4/4        EV:  7    Int:  9    God:
Gold:   74         SH:  8    Dex: 12    Spells: 3/3 levels left

rFire    . . .     SeeInvis .   a - +0 war axe
rCold    . . .     Faith    .   c - +0 kite shield
rNeg     . . .     Spirit   .   b - +0 scale mail
rPois    .         Reflect  .   (helmet restricted)
rElec    .         Harm     .   (no cloak)
rCorr    .         Rampage  .   (no gloves)
Will     .....                  (no boots)
Stlth    ..........             (no amulet)
HPRegen  0.11/turn              (no ring)
MPRegen  0.09/turn              (no ring)

@: mighty, corroded, sanguine armour
A: antennae 1, foul stench 1, sanguine armour 1
a: no special abilities


You were on level 2 of the Dungeon.
You visited 1 branch of the dungeon, and saw 2 of its levels.

You collected 74 gold pieces.

Inventory:

Hand Weapons
 a - a +0 war axe (weapon)
 m - a +0 hunting sling
Missiles
 f - 45 stones (quivered)
 j - 33 arrows
 r - 15 sling bullets
 s - 21 bolts
Armour
 b - a +0 scale mail (worn)
 c - a +0 kite shield (worn)
Jewellery
 p - a +6 ring of strength {unknown}
Scrolls
 e - a scroll of blinking {unknown}
 g - a scroll of amnesia {unknown}
 h - 2 scrolls of identify {unknown}
 l - a scroll of magic mapping {unknown}
 o - a scroll of fog {unknown}
Potions
 i - a potion of lignification {unknown}
 k - 2 potions of haste {unknown}
 n - a potion of heal wounds {unknown}
 q - a potion of brilliance {unknown}


   Skills:
 - Level 3.0 Fighting
 + Level 4.2 Axes
 - Level 2.6 Armour
 - Level 2.6 Shields


You had 3 spell levels left.
You didn't know any spells.
Your spell library was empty.

Dungeon Overview and Level Annotations

Branches:
Dungeon (2/15)

Altars:
Zin


Innate Abilities, Weirdness & Mutations

You have a pair of small antennae on your head.
You may rarely emit foul miasma when damaged in melee.
When seriously injured, your bleeding wounds create armour. (AC +6)


Message History

You kill the dart slug!
You barely miss the adder. The adder bites you but does no damage.
The adder barely misses you.
You slash the adder!
You kill the adder!
You closely miss the frilled lizard.
The frilled lizard bites you but does no damage.
The frilled lizard bites you. The orc hits you but does no damage.
The jelly hits you but does no damage.
You hit the jelly.
Your hands burn!
The jelly is lightly wounded.
Your shield and scale mail prevent you from hitting the orc.
You miss the frilled lizard. The orc hits you but does no damage.
You block the frilled lizard's attack. The jelly hits you but does no damage.
The orc barely misses you. The frilled lizard barely misses you.
You slash the jelly! The acid corrodes you!
Your hands burn!
The jelly is almost dead.
You closely miss the frilled lizard. You hit the orc but do no damage.
The jelly hits you.
Your blood congeals into armour.
The acid corrodes you!
You are splashed with acid!
* * * LOW HITPOINT WARNING * * *
The orc hits you but does no damage. The frilled lizard bites you.
* * * LOW HITPOINT WARNING * * *
The jelly hits you but does no damage.
You are too injured to fight recklessly!
You feel very mighty all of a sudden. The orc hits you but does no damage.
The frilled lizard bites you but does no damage.
The jelly hits you.
* * * LOW HITPOINT WARNING * * *
The acid corrodes you!
You are splashed with acid.
* * * LOW HITPOINT WARNING * * *
You barely miss the jelly.
The jelly is almost dead.
Your shield prevents you from hitting the frilled lizard.
You hit the orc but do no damage. You block the orc's attack.
You block the frilled lizard's attack. The jelly hits you.
* * * LOW HITPOINT WARNING * * *
The acid corrodes you!
You are splashed with acid.
You die...

.##...##+# #+##. ....####
...## ..# #...## ..# #...#
##..# # ####.. #...# +..#
# #.... ## #...# #..# #
#... .# # #...# #..#
####.. ...####...####...#
'..#.# .#....##J##....#.#
##.#.###
.......@o†..###..#
##...#.##........l.......#
)....#...#..............##
##'#...#.#...###........#
.........##..........####
.....#.####..........#
....##.####..........#
....##......>........#
.....................#


You could see a jelly, an orc and a frilled lizard.

Vanquished Creatures
  3 gnolls
  3 adders
  2 dart slugs
  A leopard gecko (D:1)
  3 giant cockroaches (D:1)
  2 hobgoblins
  3 jackals (D:1)
  2 bats (D:1)
  3 frilled lizards
  3 goblins
  6 kobolds
  4 rats
35 creatures vanquished.

Notes
Turn   | Place    | Note
-------+----------+-------------------------------------------
     0 | D:1      | dolemite99 the Demonspawn Fighter began the quest for the
                  | Orb.
     0 | D:1      | Reached XP level 1. HP: 18/18 MP: 1/1
    24 | D:1      | Reached skill level 2 in Axes
    52 | D:1      | Gained mutation: You may rarely emit foul miasma when
                  | damaged in melee. [demonic ancestry]
    52 | D:1      | Reached XP level 2. HP: 9/24 MP: 2/2
   764 | D:1      | Reached skill level 3 in Axes
  1180 | D:2      | Found a glowing silver altar of Zin.
  1312 | D:1      | Gained mutation: You have a pair of small antennae on your
                  | head. [demonic ancestry]
  1312 | D:1      | Reached XP level 3. HP: 11/29 MP: 3/3
  2020 | D:2      | Reached skill level 4 in Axes
  2020 | D:2      | Gained mutation: When seriously injured, your bleeding
                  | wounds create armour. (AC +6) [demonic ancestry]
  2020 | D:2      | Reached XP level 4. HP: 25/35 MP: 4/4
  2372 | D:2      | HP: 1/35 [jelly (1)]
  2372 | D:2      | Splashed by a jelly's acid

Illustrated notes

Levels and vault maps discovered:
D:1:      tarquinn_simple_flora_water_c, layout_basic, minmay_misc_feat_enclosed
D:2:      layout_basic, lemuel_doored_altar, minmay_misc_feat_columns,
          minmay_divided_ellipse

Skill      XL: |  1  2  3 |
---------------+----------+-----
Axes           | 2 3 4 |  4.2
Fighting       | |  3.0
Armour         | |  2.6
Shields        | |  2.6

Action                   |  1- 3 |  4- 6 || total
-------------------------+-------+-------++-------
Melee: War axe           |   115 |    11 ||   126
Throw: Stone             |     4 |       ||     4
  Use: Potion            |       |     1 ||     1
Armor: Scale mail        |    67 |     9 ||    76
Dodge: Dodged            |    44 |     6 ||    50
Block: Kite shield       |    79 |     6 ||    85

Table legend: (Time is in decaauts)
 A = Elapsed time spent in this place.
 B = Non-inter-level travel time spent in this place.
 C = Inter-level travel time spent in this place.
 D = Time resting spent in this place.
 E = Time spent auto-exploring this place.
 F = Levels seen in this place.
 G = Mean time per level.
                   A        B        C        D        E       F      G
               +--------+--------+--------+--------+--------+-----+--------+
         Total |   2455 |   2376 |     79 |   1232 |    636 |   2 | 1227.5 |
       Dungeon |   2455 |   2376 |     79 |   1232 |    636 |   2 | 1227.5 |
               +--------+--------+--------+--------+--------+-----+--------+

Top non-repeatable levels by time:
     D:1: 2024 daAuts
     D:2: 431 daAuts
